 Dungeon Crawl Stone Soup version 0.30-a0-341-g682706514a (webtiles) character file.

Game seed: 7876097008137462501

436 Kinoniko the Chopper (level 7, -1/57 HPs)
             Began as a Hill Orc Fighter on Nov 3, 2022.
             Was an Initiate of Trog.
             Slain by a gnoll
             ... wielding a +0 flail
             ... led by a gnoll bouda
              (2 damage)
             ... on level 5 of the Dungeon.
             The game lasted 00:03:12 (3809 turns).

Kinoniko the Chopper (Hill Orc Fighter)             Turns: 3809, Time: 00:03:13

Health: -1/57      AC:  6    Str: 21    XL:     7   Next: 1%
Magic:  7/7        EV:  9    Int:  8    God:    Trog [......]
Gold:   151        SH:  5    Dex: 10    Spells: 6/6 levels left

rFire   . . .      SeeInvis .    a - +0 war axe
rCold   . . .      Faith    .    c - +0 buckler
rNeg    . . .      Spirit   .    b - +0 scale mail
rPois   .          Reflect  .    (no helmet)
rElec   .          Harm     .    (no cloak)
rCorr   .          Rampage  .    (no gloves)
Will    .....                    (no boots)
Stlth   ..........               (no amulet)
HPRegen 0.29/turn                (no ring)
MPRegen 0.10/turn                (no ring)

@: weakened
A: no striking features
a: Renounce Religion


You were on level 5 of the Dungeon.
You worshipped Trog.
Trog was noncommittal.
You visited 2 branches of the dungeon, and saw 6 of its levels.

You collected 151 gold pieces.

Inventory:

Hand Weapons
 a - a +0 war axe (weapon)
Missiles
 l - 6 javelins (quivered)
Armour
 b - a +0 scale mail (worn)
 c - a +0 buckler (worn)
Jewellery
 e - a +6 ring of intelligence
 v - a ring of flight
Scrolls
 g - a scroll of noise
 h - a scroll of amnesia
 j - a scroll of enchant armour
 k - 2 scrolls of fog
 r - 4 scrolls of fear
 s - a scroll of magic mapping
 u - a scroll of teleportation
Potions
 d - 2 potions of might
 f - 3 potions of berserk rage {unknown}
 i - 2 potions of curing {unknown}
 n - 3 potions of invisibility {unknown}
 o - a potion of attraction {unknown}
 p - 2 potions of flight {unknown}
 q - a potion of haste {unknown}
 t - a potion of degeneration {unknown}


   Skills:
 - Level 3.6 Fighting
 * Level 7.9 Axes
 - Level 3.2 Armour
 + Level 5.5 Shields


You had 6 spell levels left.
You didn't know any spells.
Your spell library contained the following spells:

 Spells                   Type           Power      Damage    Failure   Level
 Apportation              Tloc           0%         N/A       83%         1
 Beastly Appendage        Tmut           0%         N/A       83%         1
 Necrotise                Necr           0%         1d4       83%         1
 Summon Small Mammal      Summ           0%         N/A       83%         1
 Wereblood                Tmut           0%         N/A       92%         2
 Spider Form              Tmut/Pois      0%         N/A       99%         3


Dungeon Overview and Level Annotations

Branches:
Dungeon (5/15)             Temple (1/1) D:4

Altars:
Ashenzari
Cheibriados
Dithmenos
Elyvilon
Gozag
Hepliaklqana
Makhleb
Nemelex Xobeh
Qazlal
Sif Muna
Trog
Uskayaw
Wu Jian
Xom
Yredelemnul
Zin

Shops:
D:4 *


Message History

Okay, then.
You hit the gnoll bouda but do no damage.
You hit the gnoll.
The gnoll hits you from afar with a +0 halberd.
The gnoll bouda closely misses you. You block the gnoll's attack.
You completely miss the gnoll.
The gnoll is moderately wounded.
You hit the gnoll bouda.
Your attacks no longer feel as feeble.
The gnoll hits you from afar with a +0 halberd!
The gnoll bouda gazes fiercely through you!
You feel your attacks grow feeble.
The gnoll bouda hits you with a +0 club.
The gnoll hits you with a +0 flail.
* * * LOW HITPOINT WARNING * * *
The gnoll hits you from afar with a +0 halberd!
* * * LOW HITPOINT WARNING * * *
Unknown command.
You barely miss the gnoll bouda.
The gnoll bouda is moderately wounded.
You hit the gnoll. You block the gnoll bouda's attack.
The gnoll closely misses you. The gnoll barely misses you.
Unknown command.
Unknown command.
Unknown command.
You completely miss the gnoll bouda.
The gnoll bouda is moderately wounded.
You hit the gnoll. The gnoll bouda misses you. You block the gnoll's attack. x2
Unknown command.
Unknown command.
Unknown command.
You hit the gnoll bouda.
The gnoll bouda is heavily wounded.
You barely miss the gnoll.
The gnoll bouda gazes fiercely through you!
You feel as though you will be weak longer.
The gnoll bouda hits you with a +0 club!
* * * LOW HITPOINT WARNING * * *
The gnoll hits you with a +0 flail.
You die...

#+###....# ........#
.......# +.... ......#
#....#### .....# #........
#g...# #........
#.g..###+##........
#g@..#....#........
#....#....#....####
#....#)...#....'..)
########....#....#....#...
#...........#....#....#..#
#...........#....#....#>.#
#.............##'#....+...
#.......######........#...
#.......# #........####


You could see a gnoll bouda and 2 gnolls.

Vanquished Creatures
  An ice beast (D:5)
  An ogre (D:5)
  A scorpion (D:4)
  Natasha (thrice) (D:4)
  4 gnolls
  2 adders
  An ufetubus (D:4)
  2 worms (D:2)
  3 orcs
  3 bats
  7 endoplasms
  A giant cockroach (D:1)
  4 goblins
  6 hobgoblins
  2 jackals (D:2)
  3 kobolds
  A quokka (D:2)
  5 ball pythons
  3 frilled lizards
  3 rats
56 creatures vanquished.

Notes
Turn   | Place    | Note
-------+----------+-------------------------------------------
     0 | D:1      | Kinoniko the Hill Orc Fighter began the quest for the Orb.
     0 | D:1      | Reached XP level 1. HP: 19/19 MP: 1/1
    57 | D:1      | Reached skill level 3 in Axes
   121 | D:1      | Reached XP level 2. HP: 26/26 MP: 2/2
   645 | D:2      | Found a shimmering blue altar of Sif Muna.
   665 | D:2      | Reached skill level 4 in Axes
   666 | D:2      | Reached XP level 3. HP: 21/31 MP: 3/3
  1537 | D:3      | Reached XP level 4. HP: 35/39 MP: 4/4
  1866 | D:3      | Reached skill level 5 in Axes
  2511 | D:4      | Found Jupsef Mukho's Gadget Gallery.
  2572 | D:4      | Noticed a scorpion
  2581 | D:4      | Killed a scorpion
  2582 | D:4      | Reached skill level 6 in Axes
  2582 | D:4      | Reached XP level 5. HP: 33/45 MP: 5/5
  2638 | D:4      | Found a staircase to the Ecumenical Temple.
  2639 | D:4      | Noticed Natasha
  2649 | D:4      | Killed Natasha
  2658 | Temple   | Entered the Ecumenical Temple
  2914 | Temple   | Became a worshipper of Trog the Wrathful
  2974 | D:4      | Noticed Natasha
  2991 | D:4      | Killed Natasha
  3386 | D:4      | Noticed Natasha
  3390 | D:4      | Killed Natasha
  3391 | D:4      | Reached XP level 6. HP: 41/51 MP: 6/6
  3502 | D:5      | Entered Level 5 of the Dungeon
  3574 | D:5      | Noticed an ice beast
  3587 | D:5      | Killed an ice beast
  3588 | D:5      | Reached skill level 7 in Axes
  3588 | D:5      | Reached skill level 5 in Shields
  3805 | D:5      | Reached XP level 7. HP: 39/57 MP: 7/7
  3809 | D:5      | HP: 1/57 [gnoll bouda/+0 club (8)]
  3809 | D:5      | Slain by a gnoll

Illustrated notes

Levels and vault maps discovered:
D:1:      minmay_arrival_loop, layout_basic, kennysheep_crisscross
D:2:      layout_basic, basic_altar
D:3:      layout_basic
D:4:      layout_cave_pods, minmay_temple_entry_sparse_star,
          nicolae_shop_gadgets, uniq_natasha
D:5:      layout_gridville, nicolae_vehumet_altar_sigil, kennysheep_little_box,
          nicolae_shop_self_help, uniq_blork_the_orc, uniq_grinder
Temple:   nicolae_temple_bog_church

Skill      XL: |  1  2  3  4  5  6 |
---------------+-------------------+-----
Axes           | 3 4 6 7 |  7.9
Shields        | 4 5 |  5.5
Fighting       | |  3.6
Armour         | |  3.2

Action                   |  1- 3 |  4- 6 |  7- 9 || total
-------------------------+-------+-------+-------++-------
Melee: War axe           |    98 |   100 |     5 ||   203
  Use: Scroll            |       |     7 |       ||     7
Armor: Scale mail        |    40 |    45 |       ||    85
Dodge: Dodged            |    46 |    49 |     4 ||    99
Block: Buckler           |     9 |    29 |     4 ||    42

Table legend: (Time is in decaauts)
 A = Elapsed time spent in this place.
 B = Non-inter-level travel time spent in this place.
 C = Inter-level travel time spent in this place.
 D = Time resting spent in this place.
 E = Time spent auto-exploring this place.
 F = Levels seen in this place.
 G = Mean time per level.
                   A        B        C        D        E       F      G
               +--------+--------+--------+--------+--------+-----+--------+
         Total |   3891 |   3755 |    136 |    441 |   2803 |   6 |  648.5 |
       Dungeon |   3612 |   3510 |    102 |    441 |   2575 |   5 |  722.4 |
        Temple |    278 |    245 |     33 |      0 |    228 |   1 |  278.0 |
               +--------+--------+--------+--------+--------+-----+--------+

Top non-repeatable levels by time:
     D:4: 1142 daAuts
     D:3: 773 daAuts
     D:2: 748 daAuts
     D:1: 636 daAuts
     D:5: 311 daAuts
  Temple: 278 daAuts
